CCBL
ORLEANS FIREBIRDS @ BOURNE BRAVES
03/16/2060
 
TOP OF THE 1ST
Orleans Firebirds batting - Pitching for Bourne Braves : LHP Grayson Peltier
Pitching: LHP Grayson Peltier
Batting: RHB Benjamin Sweeney 0-0: Ball
1-0: Ball
2-0: Foul Ball, location: 2F
2-1: Called Strike
2-2: Ball
3-2: Foul Ball, location: 2F
3-2: SINGLE (Groundball, 6S, EV 66.2 MPH) (infield hit)
Batting: RHB Adrian Harrison 0-0: Called Strike
0-1: Ball
1-1: Ball
2-1: Foul Ball, location: 2F
2-2: Strikes out looking
Batting: RHB Toby Foster 0-0: Ball
Benjamin Sweeney steals 2nd base (no throw)
1-0: Foul Ball, location: 2F
1-1: SINGLE (Flyball, 89S, EV 85.6 MPH)
Benjamin Sweeney to third
Batting: RHB Rashad Eskridge 0-0: Ball
Toby Foster steals 2nd base
1-0: Called Strike
1-1: Ball
2-1: Ground out 5-3 (Groundball, 56, EV 83.1 MPH)
Benjamin Sweeney scores
Batting: LHB Marcus Graham 0-0: Ball
1-0: DOUBLE (Line Drive, 89D, EV 112.5 MPH)
Toby Foster scores
Batting: RHB Charles Marshall 0-0: Ball
1-0: Ball
2-0: Foul Ball, location: 2F
2-1: Ball
3-1: Base on Balls
Batting: RHB Isaac Schneider 0-0: Ball
1-0: Foul Ball, location: 2F
1-1: Ball
2-1: Ground out 5-3 (Groundball, 5S, EV 91.2 MPH)
Top of the 1st over - 2 runs, 3 hits, 0 errors, 2 left on base; Orleans 2 - Bourne 0
BOTTOM OF THE 1ST
Bourne Braves batting - Pitching for Orleans Firebirds : LHP Wes Poulter
Pitching: LHP Wes Poulter
Batting: RHB Steve Norman 0-0: Called Strike
0-1: Foul Ball, location: 2F
0-2: Ball
1-2: Ball
2-2: Strikes out swinging
Batting: LHB Jack Motzer 0-0: Called Strike
0-1: Ball
1-1: Ball
2-1: Ground out U3 (Groundball, 3L, EV 85.0 MPH)
Batting: RHB Vince Tanner 0-0: Ball
1-0: Ball
2-0: Ball
3-0: Base on Balls
Batting: RHB Zane Welker 0-0: Ball
1-0: Called Strike
1-1: Swinging Strike
1-2: Ball
2-2: Foul Ball, location: 2F
2-2: Ball
3-2: Foul Ball, location: 2F
3-2: Fly out, F8 (Flyball, 78M, EV 90.6 MPH)
Bottom of the 1st over - 0 runs, 0 hits, 0 errors, 1 left on base; Orleans 2 - Bourne 0
TOP OF THE 2ND
Orleans Firebirds batting - Pitching for Bourne Braves : LHP Grayson Peltier
Batting: SHB Toby Creech 0-0: Foul Ball, location: 2F
0-1: Foul Ball, location: 2F
0-2: Ball
1-2: Foul Ball, location: 2F
1-2: Foul Ball, location: 2F
1-2: Ball
2-2: Fly out, F8 (Flyball, 8LD, EV 106.2 MPH)
Batting: RHB Jonah Wells 0-0: Ball
1-0: Called Strike
1-1: DOUBLE (Line Drive, 9LD, EV 106.9 MPH) - OUT at third base trying to stretch hit.
Batting: RHB Benjamin Sweeney 0-0: Called Strike
0-1: Called Strike
0-2: Foul Ball, location: 2F
0-2: Fly out, F9 (Line Drive, 9, EV 85.0 MPH)
Top of the 2nd over - 0 runs, 1 hit, 0 errors, 0 left on base; Orleans 2 - Bourne 0
BOTTOM OF THE 2ND
Bourne Braves batting - Pitching for Orleans Firebirds : LHP Wes Poulter
Batting: RHB Aron Williams 0-0: Ball
1-0: Ball
2-0: Swinging Strike
2-1: Ball
3-1: Base on Balls
Batting: LHB Israel Quinzi 0-0: Ball
1-0: Foul Ball, location: 2F
Pickoff Throw to First - Out! 1-3
1-1: Fly out, F4 (Popup, 34, EV 82.5 MPH)
Batting: RHB Coleman Fitzgerald 0-0: Ball
1-0: Called Strike
1-1: Called Strike
1-2: Ball
2-2: Strikes out swinging
Bottom of the 2nd over - 0 runs, 0 hits, 0 errors, 0 left on base; Orleans 2 - Bourne 0
TOP OF THE 3RD
Orleans Firebirds batting - Pitching for Bourne Braves : LHP Grayson Peltier
Batting: RHB Adrian Harrison 0-0: Ball
1-0: Ball
2-0: Fly out, F7 (Flyball, 78M, EV 93.8 MPH)
Batting: RHB Toby Foster 0-0: Called Strike
0-1: Swinging Strike
0-2: Ball
1-2: Foul Ball, location: 2F
1-2: SINGLE (Groundball, 56, EV 96.9 MPH)
Batting: RHB Rashad Eskridge 0-0: Ball
1-0: Ball
2-0: Called Strike
Toby Foster steals 2nd base
2-1: Ground out 6-3 (Groundball, 6, EV 97.5 MPH)
Batting: LHB Marcus Graham 0-0: Ball
1-0: Swinging Strike
1-1: Foul Ball, location: 2F
1-2: Ground out 6-3 (Groundball, 6M, EV 78.8 MPH)
Top of the 3rd over - 0 runs, 1 hit, 0 errors, 1 left on base; Orleans 2 - Bourne 0
BOTTOM OF THE 3RD
Bourne Braves batting - Pitching for Orleans Firebirds : LHP Wes Poulter
Batting: LHB Blake Wolf 0-0: Ground out 5-3 (Groundball, 56, EV 89.4 MPH)
Batting: LHB Michael Monks 0-0: Called Strike
0-1: Ball
1-1: Swinging Strike
1-2: Foul Ball, location: 2F
1-2: Ball
2-2: Foul Ball, location: 2F
2-2: Foul Ball, location: 2F
2-2: Foul Ball, location: 2F
2-2: Ball
3-2: Base on Balls
Batting: RHB Steve Norman 0-0: Ball
1-0: Called Strike
1-1: Ball
2-1: Fly out, F8 (Line Drive, 8LS, EV 97.5 MPH)
Batting: LHB Jack Motzer 0-0: Ball
1-0: Swinging Strike
1-1: Ball
2-1: SINGLE (Line Drive, 89S, EV 96.9 MPH)
Michael Monks to second
Batting: RHB Vince Tanner 0-0: Ground out 1-3 (Groundball, 23, EV 66.2 MPH)
Bottom of the 3rd over - 0 runs, 1 hit, 0 errors, 2 left on base; Orleans 2 - Bourne 0
TOP OF THE 4TH
Orleans Firebirds batting - Pitching for Bourne Braves : LHP Grayson Peltier
Batting: RHB Charles Marshall 0-0: Foul Ball, location: 2F
0-1: Swinging Strike
0-2: Foul Ball, location: 2F
0-2: Fly out, F8 (Flyball, 8RD, EV 80.0 MPH)
Batting: RHB Isaac Schneider 0-0: Swinging Strike
0-1: Ball
1-1: SINGLE (Groundball, 56, EV 104.4 MPH)
Batting: SHB Toby Creech 0-0: Ball
1-0: Called Strike
1-1: Swinging Strike
1-2: Ball
2-2: SINGLE (Groundball, 6MD, EV 102.5 MPH) (infield hit)
Isaac Schneider to second
Batting: RHB Jonah Wells 0-0: Called Strike
0-1: Foul Ball, location: 2F
0-2: Fly out, F8 (Flyball, 8RD, EV 85.6 MPH)
Batting: RHB Benjamin Sweeney 0-0: Ground out 2-3 (Groundball, 2L, EV 66.2 MPH)
Top of the 4th over - 0 runs, 2 hits, 0 errors, 2 left on base; Orleans 2 - Bourne 0
BOTTOM OF THE 4TH
Bourne Braves batting - Pitching for Orleans Firebirds : LHP Wes Poulter
Batting: RHB Zane Welker 0-0: Swinging Strike
0-1: Swinging Strike
0-2: Ball
1-2: Foul Ball, location: 2F
1-2: Ball
2-2: Strikes out swinging
Batting: RHB Aron Williams 0-0: Ball
1-0: Ball
2-0: Foul Ball, location: 2F
2-1: Foul Ball, location: 2F
2-2: Strikes out swinging
Batting: LHB Israel Quinzi 0-0: Ball
1-0: SINGLE (Line Drive, 4MD, EV 99.4 MPH)
Batting: RHB Coleman Fitzgerald 0-0: Ball
1-0: Ball
2-0: Called Strike
2-1: TRIPLE (Flyball, 7D, EV 101.2 MPH)
Israel Quinzi scores
Batting: LHB Blake Wolf 0-0: Called Strike
0-1: Foul Ball, location: 2F
0-2: Ball
1-2: Ground out 6-3 (Groundball, 6MD, EV 100.0 MPH)
Bottom of the 4th over - 1 run, 2 hits, 0 errors, 1 left on base; Orleans 2 - Bourne 1
TOP OF THE 5TH
Orleans Firebirds batting - Pitching for Bourne Braves : LHP Grayson Peltier
Batting: RHB Adrian Harrison 0-0: Foul Ball, location: 2F
0-1: Ball
1-1: Fly out, F9 (Flyball, 9D, EV 76.2 MPH)
Batting: RHB Toby Foster 0-0: Ball
1-0: Called Strike
1-1: Ball
2-1: DOUBLE (Groundball, 5L, EV 97.5 MPH)
Pitching: RHP Craig Hand
Batting: RHB Rashad Eskridge 0-0: Ball
1-0: Ball
2-0: Called Strike
2-1: Called Strike
2-2: Fly out, F8 (Flyball, 8LD, EV 93.1 MPH)
Batting: LHB Marcus Graham 0-0: Called Strike
0-1: Called Strike
0-2: Ball
1-2: Hit by Pitch
Batting: RHB Charles Marshall 0-0: Swinging Strike
0-1: Swinging Strike
0-2: Ball
1-2: Strikes out swinging passed ball, reaches first!
Toby Foster to third
Marcus Graham to second
Batting: RHB Isaac Schneider 0-0: Ground out 4-3 (Groundball, 4, EV 77.5 MPH)
Top of the 5th over - 0 runs, 1 hit, 0 errors, 3 left on base; Orleans 2 - Bourne 1
BOTTOM OF THE 5TH
Bourne Braves batting - Pitching for Orleans Firebirds : LHP Wes Poulter
Batting: LHB Michael Monks 0-0: Called Strike
0-1: Ball
1-1: Foul Ball, location: 2F
1-2: Strikes out swinging
Batting: RHB Steve Norman 0-0: Ball
1-0: Ball
2-0: Foul Ball, location: 2F
2-1: Swinging Strike
2-2: SOLO HOME RUN (Flyball, 78XD, EV 106.2 MPH), Distance : 425 ft
Pitching: LHP Cole Pearson
Batting: LHB Jack Motzer 0-0: Ball
1-0: Ball
2-0: Foul Ball, location: 2F
2-1: SINGLE (Line Drive, 56D, EV 94.4 MPH)
Batting: RHB Vince Tanner 0-0: Called Strike
0-1: Called Strike
0-2: Ball
1-2: Ball
2-2: Fly out, F7 (Flyball, 78S, EV 70.0 MPH)
Batting: RHB Zane Welker 0-0: Called Strike
0-1: Foul Ball, location: 2F
0-2: Ground out 1-3 (Groundball, 13S, EV 68.1 MPH)
Bottom of the 5th over - 1 run, 2 hits, 0 errors, 1 left on base; Orleans 2 - Bourne 2
TOP OF THE 6TH
Orleans Firebirds batting - Pitching for Bourne Braves : RHP Craig Hand
Batting: SHB Toby Creech 0-0: Fly out, F7 (Line Drive, 78M, EV 95.6 MPH)
Batting: RHB Jonah Wells 0-0: SINGLE (Groundball, 4M, EV 81.9 MPH) (infield hit)
Batting: RHB Benjamin Sweeney 0-0: Ball
1-0: Ground out U3 (Groundball, 34, EV 88.8 MPH)
Jonah Wells to second
Batting: RHB Adrian Harrison 0-0: Ball
1-0: Foul Ball, location: 2F
1-1: Swinging Strike
1-2: Strikes out looking
Top of the 6th over - 0 runs, 1 hit, 0 errors, 1 left on base; Orleans 2 - Bourne 2
BOTTOM OF THE 6TH
Bourne Braves batting - Pitching for Orleans Firebirds : LHP Cole Pearson
Batting: RHB Aron Williams 0-0: Ball
1-0: Ball
2-0: Foul Ball, location: 2F
2-1: Swinging Strike
2-2: Strikes out looking
Batting: LHB Israel Quinzi 0-0: Ball
1-0: Called Strike
1-1: Foul Ball, location: 2F
1-2: Fly out, F8 (Flyball, 8RS, EV 82.5 MPH)
Batting: RHB Coleman Fitzgerald 0-0: Ball
1-0: Called Strike
1-1: Fly out, F8 (Flyball, 8RM, EV 93.8 MPH)
Bottom of the 6th over - 0 runs, 0 hits, 0 errors, 0 left on base; Orleans 2 - Bourne 2
TOP OF THE 7TH
Orleans Firebirds batting - Pitching for Bourne Braves : RHP Craig Hand
Batting: RHB Toby Foster 0-0: Ball
1-0: Swinging Strike
1-1: Swinging Strike
1-2: Ball
2-2: Foul Ball, location: 2F
2-2: Ball
3-2: Fly out, F3 (Popup, 23F, EV 82.5 MPH)
Pinch Hitting: LHB Elias Eisenreich 0-0: Called Strike
0-1: Ball
1-1: Ball
2-1: Ball
3-1: Foul Ball, location: 2F
3-2: Foul Ball, location: 2F
3-2: SINGLE (Line Drive, 7LS, EV 88.1 MPH)
Pitching: LHP Grant Wright
Batting: LHB Marcus Graham 0-0: SINGLE (Flyball, 5D, EV 88.1 MPH)
Elias Eisenreich to second
Pinch Runner at 2nd Keith Eugene:
Batting: RHB Charles Marshall 0-0: Ball
1-0: Called Strike
1-1: Ball
2-1: Ball
3-1: Called Strike
3-2: Strikes out swinging
Batting: RHB Isaac Schneider 0-0: Ball
1-0: Ball
2-0: Foul Ball, location: 2F
2-1: Ball
3-1: Called Strike
3-2: TRIPLE (Flyball, 78XD, EV 96.9 MPH)
Keith Eugene scores
Marcus Graham scores
Batting: SHB Toby Creech 0-0: Called Strike
0-1: Ball
1-1: Swinging Strike
1-2: Foul Ball, location: 2F
1-2: Strikes out swinging
Top of the 7th over - 2 runs, 3 hits, 0 errors, 1 left on base; Orleans 4 - Bourne 2
BOTTOM OF THE 7TH
Bourne Braves batting - Pitching for Orleans Firebirds : LHP Cole Pearson
Now at 3B: Logan Wood
Batting: LHB Blake Wolf 0-0: Swinging Strike
0-1: Ball
1-1: Ground out 6-3 (Groundball, 6, EV 79.4 MPH)
Pinch Hitting: RHB Abraham Wade 0-0: Called Strike
0-1: Called Strike
0-2: Strikes out swinging
Batting: RHB Steve Norman 0-0: Called Strike
0-1: Ball
1-1: Ball
2-1: Ball
3-1: Ground out 4-3 (Groundball, 4, EV 105.6 MPH)
Bottom of the 7th over - 0 runs, 0 hits, 0 errors, 0 left on base; Orleans 4 - Bourne 2
TOP OF THE 8TH
Orleans Firebirds batting - Pitching for Bourne Braves : LHP Grant Wright
Now at 3B: Abraham Wade
Now in LF: Vince Tanner
Batting: RHB Jonah Wells 0-0: Fly out, F7 (Flyball, 7D, EV 86.9 MPH)
Batting: RHB Benjamin Sweeney 0-0: SINGLE (Groundball, 56, EV 94.4 MPH)
Batting: RHB Adrian Harrison 0-0: Ball
Benjamin Sweeney steals 2nd, throwing error, E2
Benjamin Sweeney to third
1-0: Ball
2-0: Called Strike
2-1: Foul Ball, location: 2F
2-2: Foul Ball, location: 2F
2-2: Ball
3-2: 2-RUN HOME RUN (Flyball, 7D, EV 103.8 MPH), Distance : 385 ft
Pitching: RHP Evan Seikel
Batting: RHB Toby Foster 0-0: Ball
1-0: Ball
2-0: Called Strike
2-1: Ball
3-1: Base on Balls
Batting: RHB Logan Wood 0-0: Ball
Toby Foster steals 2nd, throwing error, E2
Toby Foster to third
1-0: Ground out 4-3 (Groundball, 4, EV 98.8 MPH)
Toby Foster scores
Batting: LHB Marcus Graham 0-0: Called Strike
0-1: Ball
1-1: Ground out 3-1 (Groundball, 34S, EV 69.4 MPH)
Top of the 8th over - 3 runs, 2 hits, 2 errors, 0 left on base; Orleans 7 - Bourne 2
BOTTOM OF THE 8TH
Bourne Braves batting - Pitching for Orleans Firebirds : LHP Cole Pearson
Batting: LHB Jack Motzer 0-0: SINGLE (Flyball, 6D, EV 96.9 MPH)
Batting: RHB Vince Tanner 0-0: Called Strike
0-1: Ball
1-1: Foul Ball, location: 2F
1-2: Strikes out swinging
Batting: RHB Zane Welker 0-0: Foul Ball, location: 2F
0-1: Ball
1-1: Foul Ball, location: 2F
1-2: Ball
2-2: 2-RUN HOME RUN (Flyball, 78XD, EV 108.1 MPH), Distance : 414 ft
Batting: RHB Aron Williams 0-0: Called Strike
0-1: Swinging Strike
0-2: Foul Ball, location: 2F
0-2: Ball
1-2: Ball
2-2: Strikes out swinging
Pinch Hitting: RHB Frey Granado 0-0: Called Strike
0-1: Foul Ball, location: 2F
0-2: SINGLE (Flyball, 4D, EV 87.5 MPH)
Pitching: RHP Camron Fortson
Batting: RHB Coleman Fitzgerald 0-0: Ball
1-0: Foul Ball, location: 2F
1-1: Foul Ball, location: 2F
1-2: Foul Ball, location: 2F
1-2: SINGLE (Groundball, 34, EV 90.0 MPH) (infield hit)
Frey Granado to second
Batting: LHB Blake Wolf 0-0: Ball
1-0: Ball
2-0: Fly out, F5 (Popup, 56S, EV 78.1 MPH)
Bottom of the 8th over - 2 runs, 4 hits, 0 errors, 2 left on base; Orleans 7 - Bourne 4
TOP OF THE 9TH
Orleans Firebirds batting - Pitching for Bourne Braves : RHP Evan Seikel
Pitching: LHP Rudy Bruce
Now at 1B: Kenny Seckinger
Batting: RHB Charles Marshall 0-0: Ball
1-0: Foul Ball, location: 2F
1-1: Called Strike
1-2: Strikes out swinging
Batting: RHB Isaac Schneider 0-0: Ball
1-0: Called Strike
1-1: Called Strike
1-2: Foul Ball, location: 2F
1-2: Fly out, F8 (Flyball, 8LS, EV 89.4 MPH)
Batting: SHB Toby Creech 0-0: Called Strike
0-1: Ball
1-1: Swinging Strike
1-2: Foul Ball, location: 2F
1-2: Foul Ball, location: 2F
1-2: Ball
2-2: Ball
3-2: Fly out, F7 (Flyball, 7, EV 81.2 MPH)
Top of the 9th over - 0 runs, 0 hits, 0 errors, 0 left on base; Orleans 7 - Bourne 4
BOTTOM OF THE 9TH
Bourne Braves batting - Pitching for Orleans Firebirds : RHP Camron Fortson
Pitching: LHP Jonathan Quinn
Batting: RHB Abraham Wade 0-0: Foul Ball, location: 2F
0-1: Foul Ball, location: 2F
0-2: Strikes out looking
Batting: RHB Steve Norman 0-0: Ground out U3 (Groundball, 34, EV 86.2 MPH)
Batting: LHB Jack Motzer 0-0: Called Strike
0-1: Ball
1-1: Ball
2-1: Foul Ball, location: 2F
2-2: Ball
3-2: Base on Balls
Batting: RHB Vince Tanner 0-0: Called Strike
0-1: Swinging Strike
0-2: Strikes out swinging
Bottom of the 9th over - 0 runs, 0 hits, 0 errors, 1 left on base; Orleans 7 - Bourne 4
Wednesday, April 17th , 2024 - OOTP Baseball 23.10 Build 110